 Dungeon Crawl Stone Soup version 0.26-a0-663-g36e8fdb655 (webtiles) character file.

Game seed: 639924102658396809

11848 Lavandula the Nimble (level 11, 72/72 HPs)
             Began as a Demonspawn Air Elementalist on Oct 12, 2020.
             Was an Elder of Sif Muna.
             Quit the game on level 10 of the Dungeon.
             The game lasted 00:47:42 (13128 turns).

Lavandula the Nimble (Demonspawn Air Elementalist) Turns: 13128, Time: 00:47:42

Health: 72/72      AC: 16    Str: 17    XL:     11   Next: 54%
Magic:  37/37      EV: 17    Int: 22    God:    Sif Muna [****..]
Gold:   187        SH:  0    Dex: 13    Spells: 0/21 levels left

rFire    . . .     SeeInvis .   b - +2 trident (venom)
rCold    + . .     Faith    .   (no shield)
rNeg     + + .     Spirit   +   l - +0 leather armour of Vehumet's Delight {Rampage *Drain rN++ MP+9}
rPois    .         Reflect  .   G - +2 helmet {Int+3}
rElec    .         Harm     .   J - +0 cloak
rCorr    .         Rampage  +   T - +2 pair of gloves
MR       .....                  (boots unavailable)
Stlth    ++........             s - amulet of regeneration
HPRegen  0.62/turn              z - ring of protection from cold
MPRegen  0.25/turn              Q - ring of the Locust {MP+9 Str+7}

@: no status effects
A: talons 3, iridescent scales 3, demonic guardian 1, magic shield
a: Channel Magic, Forget Spell, Divine Exegesis, Renounce Religion


You were on level 10 of the Dungeon.
You worshipped Sif Muna.
Sif Muna was greatly pleased with you.
You visited 1 branch of the dungeon, and saw 10 of its levels.
You also visited: Sewer.

You collected 638 gold pieces.
You spent 451 gold pieces at shops.

Inventory:

Hand Weapons
 b - a +2 trident of venom (weapon)
 q - a +4 spear
 y - a +3 quarterstaff of chaos
 N - the +3 mace "Wobbith Suum" {vorpal, rElec MP+9 Str+2}
   (You found it on level 7 of the Dungeon)

   It inflicts extra damage upon your enemies.
   It affects your strength (+2).
   It insulates you from electricity.
   It affects your magic capacity (+9).
 P - a +2 spear of venom
Missiles
 k - 8 throwing nets
 n - 2 javelins
 o - 29 boomerangs (quivered)
Armour
 a - a +0 robe
 l - the +0 leather armour of Vehumet's Delight (worn) {Rampage *Drain rN++ MP+9}
   (You found it on level 9 of the Dungeon)

   It greatly protects you from negative energy.
   It affects your magic capacity (+9).
   It causes draining when unequipped.
   It bestows one free step when moving towards enemies.
 G - a +2 helmet of intelligence (worn)
 J - a +0 cloak (worn)
 S - a +0 hat
 T - a +2 pair of gloves (worn)
Jewellery
 s - an amulet of regeneration (around neck)
 z - a ring of protection from cold (left hand)
 I - the amulet "Ziuss" {Reflect rC- Str+3 SH+5 Stlth+, unknown}
   (You found it on level 10 of the Dungeon)

   [amulet of reflection]

   It shields you and reflects attacks.
   It affects your strength (+3).
   It makes you vulnerable to cold.
   It affects your SH (+5).
   It makes you more stealthy.
 K - an uncursed amulet of magic regeneration
 L - an uncursed ring of flight
 Q - the ring of the Locust (right hand) {MP+9 Str+7}
   (You took it off a gnoll shaman on level 7 of the Dungeon)

   [ring of magical power]

   It affects your strength (+7).
   It affects your magic capacity (+9).
Wands
 r - a wand of paralysis (11)
 A - a wand of acid (2)
 F - a wand of digging (5)
 H - a wand of random effects (20)
 O - a wand of disintegration (8)
 Z - a wand of polymorph (7)
Scrolls
 e - 7 scrolls of teleportation
 f - 11 scrolls of remove curse
 g - 2 scrolls of blinking
 h - 4 scrolls of amnesia
 m - 2 scrolls of enchant weapon {unknown}
 u - a scroll of magic mapping
 x - 2 scrolls of fog
 E - a scroll of holy word
 M - a scroll of fear
 U - a scroll of brand weapon {unknown}
 V - a scroll of noise {unknown}
 X - a scroll of immolation
Potions
 c - a potion of lignification {unknown}
 i - 2 potions of degeneration {unknown}
 j - a potion of stabbing {unknown}
 p - 2 potions of magic {unknown}
 t - a potion of haste
 v - 3 potions of might {unknown}
 w - 2 potions of brilliance {unknown}
 B - 4 potions of heal wounds {unknown}
 C - 2 potions of cancellation {unknown}
 D - 5 potions of mutation {unknown}
 R - a potion of ambrosia {unknown}
 W - a potion of resistance {unknown}
 Y - a potion of curing
Miscellaneous
 d - a condenser vane (inert)


   Skills:
 - Level 1.7 Fighting
 - Level 8.3 Polearms
 - Level 1.4 Throwing
 - Level 9.7 Dodging
 - Level 1.7 Stealth
 - Level 5.7 Spellcasting
 - Level 2.8 Conjurations
 + Level 4.9 Ice Magic
 - Level 6.6 Air Magic
 - Level 7.0 Invocations


You couldn't memorise any spells.
You knew the following spells:

 Your Spells              Type           Power        Failure   Level
a - Shock                 Conj/Air       ####         1%          1
b - Swiftness             Air            #####...     1%          2
c - Static Discharge      Conj/Air       ####....     4%          3
d - Airstrike             Air            #####.....   8%          4
e - Lightning Bolt        Conj/Air       ####......   43%         5
f - Freezing Cloud        Conj/Ice/Air   ####......   94%         6

Your spell library contained the following spells:

 Spells                   Type           Power        Failure   Level
 Poisonous Vapours        Pois/Air       ###...       4%          2
 Mephitic Cloud           Conj/Pois/Air  ###.....     10%         3
 Sting                    Tmut/Pois      #...         12%         1
 Conjure Flame            Conj/Fire      ##......     19%         3
 Hailstorm                Conj/Ice       ###.....     24%         4
 Confusing Touch          Hex            #.......     34%         3
 Ignite Poison            Fire/Tmut/Pois #.......     34%         3
 Inner Flame              Hex/Fire       #.......     34%         3
 Iskenderun's Mystic Bla  Conj/Tloc      ##......     54%         4
 Olgreb's Toxic Radiance  Pois           #.......     75%         4


Dungeon Overview and Level Annotations

Branches:
Dungeon (10/15)            Temple (0/1) D:7            Lair (0/6) D:10
    Orc (0/2) D:9           Sewer (visited)

Altars:
Dithmenos
Elyvilon
Fedhas
Makhleb
Nemelex Xobeh
Qazlal
Ru
Sif Muna
Trog
Vehumet
Zin

Shops:
D:7 }   D:9 *


Innate Abilities, Weirdness & Mutations

You have claws for feet.
You are completely covered in iridescent scales. (AC +6)
A weak demonic guardian rushes to your aid.
When hurt, damage is shared between your health and your magic reserves.


Message History

Moving in this stuff is going to be slow.
f - 11 scrolls of remove curse (gained 1)
You enter the shallow water.
Moving in this stuff is going to be slow.
Found a robe.
A quokka comes into view.
A quokka is nearby!
A quokka is nearby!
A quokka is nearby!
Found 13 gold pieces and a runed long sword.
You reach to attack!
You puncture the quokka!
You kill the quokka!
Sif Muna accepts your kill.
No target in view!
No target in view!
Are you sure you want to abandon this character and quit the game? (Confirm with "yes".)
Okay, then.
Unknown command.
Enter note: I don't like spirit shield mutation Are you sure you want to abandon this character and quit the game? (Confirm with "yes".)

##.##....≈≈≈≈≈≈≈≈
##
#.#.#..≈≈≈≈.≈≈≈≈
.#
#..##......≈≈≈≈≈
.#
#.#.#......≈....
.#
#.##............
.#
#.#.#...........
.#
#..#####.......[
.#
#.#.#.#.#######.
.#
#...........@.#
.##
#...#.#######.#
..###...#... ...
........##.##
$....
...........#
.#.###
.######.#### #..#
.# #.# # ) ## #.#
.. .#


There were no monsters in sight!

Vanquished Creatures
  Harold (D:8)
  A two-headed ogre (D:9)
  The ghost of PirateVox the Magician, a novice KoEn of Hepliaklqana (D:7)
  2 rust devils (D:6)
  Psyche (D:8)
  A troll (D:10)
  Sigmund (D:2)
  A wyvern (D:8)
  Grum (D:7)
  2 wargs (D:9)
  2 sky beasts
  An ice beast (D:6)
  7 orc warriors
  A phantom (D:4)
  3 black bears (D:9)
  An eye of draining (D:9)
  5 wolves
  9 ogres
  3 centaurs
  3 big kobolds
  2 bullfrogs
  3 gnoll sergeants
  A wyvern skeleton (D:8)
  5 scorpions
  6 killer bees (D:9)
  8 electric eels (D:10)
  6 wights
  A centaur zombie (D:5)
  3 bullfrog zombies
  2 quasits
  5 hounds
  2 gnoll shamans
  6 orc priests
  Crazy Yiuf (D:7)
  2 jellies
  A centaur skeleton (D:9)
  Ijyb (D:4)
  16 orc wizards
  9 worker ants
  A killer bee zombie (D:7)
  A hound skeleton (D:4)
  A worker ant zombie (D:10)
  20 gnolls
  11 adders
  A howler monkey skeleton (D:8)
  3 river rats (Sewer)
  2 shadow imps
  3 white imps
  3 ufetubi
  An ooze (D:1)
  An adder skeleton (D:4)
  3 worms
  2 dart slugs
  8 leopard geckos
  54 orcs
  6 ball pythons
  6 giant cockroaches
  8 hobgoblins
  8 jackals
  20 kobolds
  5 quokkas
  12 bats
  8 frilled lizards
  5 goblins
  A jackal zombie (D:5)
  A quokka zombie (D:5)
  10 rats
332 creatures vanquished.

Vanquished Creatures (collateral kills)
  Gastronok (D:8)
  A troll (D:9)
  Prince Ribbit (D:8)
  2 phantoms
  A centaur (D:5)
  A bullfrog (D:9)
  A gnoll sergeant (D:7)
  An orc wizard (D:6)
  A hound (D:4)
  A jelly (D:9)
  An iguana (D:5)
  2 worker ants (D:4)
  A killer bee zombie (D:8)
  A gnoll (D:7)
  A shadow imp (D:6)
  An orc (D:8)
  A ball python (D:4)
  A frilled lizard (D:4)
20 creatures vanquished.

Vanquished Creatures (others)
  2 orcs (D:10)
  A fungus (D:7)
  6 plants (D:7)
9 creatures vanquished.

Grand Total: 361 creatures vanquished

Notes
Turn   | Place    | Note
-------+----------+-------------------------------------------
     0 | D:1      | Lavandula the Demonspawn Air Elementalist began the quest
                  | for the Orb.
     0 | D:1      | Reached XP level 1. HP: 13/13 MP: 3/3
   258 | D:1      | Gained mutation: A weak demonic guardian rushes to your
                  | aid. [demonic ancestry]
   258 | D:1      | Reached XP level 2. HP: 19/19 MP: 3/5
   305 | D:1      | Learned a level 2 spell: Swiftness
   739 | D:2      | Gained mutation: You have sharp toenails. [demonic
                  | ancestry]
   739 | D:2      | Reached XP level 3. HP: 16/24 MP: 1/7
  1075 | D:2      | Noticed Sigmund
  1713 | D:2      | Killed Sigmund
  1713 | D:2      | Reached skill level 5 in Spellcasting
  1713 | D:2      | Reached XP level 4. HP: 18/30 MP: 3/11
  1713 | D:2      | Gained mutation: You have razor-sharp toenails. [demonic
                  | ancestry]
  1713 | D:2      | Reached XP level 5. HP: 21/35 MP: 3/12
  1718 | D:2      | Learned a level 3 spell: Static Discharge
  1723 | D:2      | Learned a level 4 spell: Airstrike
  2360 | D:3      | Found a sacrificial altar of Ru.
  2360 | D:3      | Found a shimmering blue altar of Sif Muna.
  2371 | D:3      | Found a blossoming altar of Fedhas.
  2374 | D:3      | Found a faded altar of an unknown god.
  2375 | D:3      | Found a shadowy altar of Dithmenos.
  2398 | D:3      | Became a worshipper of Sif Muna the Loreminder
  2415 | D:3      | Found a stormy altar of Qazlal.
  2641 | D:3      | Reached skill level 1 in Throwing
  2704 | D:3      | Found a glowing drain.
  2721 | Sewer    | Entered a sewer
  2782 | Sewer    | Gained mutation: When hurt, damage is shared between your
                  | health and your magic reserves. [demonic ancestry]
  2782 | Sewer    | Reached XP level 6. HP: 42/42 MP: 7/14
  2846 | Sewer    | Reached skill level 1 in Fighting
  2950 | Sewer    | Reached * piety under Sif Muna
  3641 | D:4      | Noticed Ijyb
  3917 | D:4      | Gained mutation: You are partially covered in iridescent
                  | scales. (AC +2) [demonic ancestry]
  3917 | D:4      | Reached XP level 7. HP: 49/49 MP: 7/15
  4017 | D:4      | Reached skill level 5 in Air Magic
  4043 | D:4      | Killed Ijyb
  4886 | D:4      | Reached ** piety under Sif Muna
  5011 | D:4      | Reached skill level 1 in Invocations
  5158 | D:4      | Gained mutation: You have claws for feet. [demonic
                  | ancestry]
  5158 | D:4      | Reached XP level 8. HP: 40/55 MP: 14/16
  5315 | D:5      | Entered Level 5 of the Dungeon
  5601 | D:5      | Reached skill level 5 in Invocations
  6190 | D:6      | Reached skill level 2 in Dodging
  6252 | D:6      | Reached skill level 3 in Dodging
  6528 | D:6      | Reached skill level 4 in Dodging
  6627 | D:6      | Reached *** piety under Sif Muna
  6661 | D:6      | Reached XP level 9. HP: 61/61 MP: 12/17
  6665 | D:6      | Reached skill level 5 in Dodging
  7214 | D:6      | Reached skill level 6 in Dodging
  7257 | D:5      | Noticed a rust devil
  7257 | D:5      | Noticed a rust devil
  7296 | D:6      | Killed a rust devil
  7296 | D:6      | Reached skill level 7 in Dodging
  7446 | D:6      | Killed a rust devil
  7589 | D:6      | Found a burning altar of Makhleb.
  7597 | D:6      | Reached skill level 8 in Dodging
  7808 | D:6      | Found a glowing silver altar of Zin.
  8051 | D:7      | Found a transporter.
  8089 | D:7      | Found a staircase to the Ecumenical Temple.
  8371 | D:7      | Noticed Grum
  8395 | D:7      | Found a transporter.
  8434 | D:7      | Identified the ring of the Locust {MP+9 Str+7}
  8486 | D:7      | Paralysed by a gnoll for 7 turns
  8503 | D:7      | Found Hezoex's Gadget Boutique.
  8593 | D:7      | Bought a condenser vane (2/2) for 260 gold pieces
  8636 | D:7      | Found a runed translucent door.
  8637 | D:7      | Noticed Crazy Yiuf
  8769 | D:7      | Killed Crazy Yiuf
  8780 | D:7      | Got a brightly glowing mace
  8781 | D:7      | Identified the +3 mace "Wobbith Suum" {vorpal, rElec MP+9
                  | Str+2} (You found it on level 7 of the Dungeon)
  8824 | D:7      | Reached skill level 9 in Dodging
  8829 | D:7      | Gained mutation: You are mostly covered in iridescent
                  | scales. (AC +4) [demonic ancestry]
  8829 | D:7      | Reached XP level 10. HP: 47/67 MP: 4/18
  8829 | D:7      | Killed Grum
  8829 | D:7      | Reached **** piety under Sif Muna
  8837 | D:7      | Noticed PirateVox's ghost (novice KoEn)
  8952 | D:7      | Learned a level 5 spell: Lightning Bolt
  8960 | D:7      | Killed PirateVox's ghost
  9120 | D:8      | Reached skill level 1 in Polearms
  9400 | D:8      | Noticed Harold
  9406 | D:8      | Killed Harold
  9688 | D:8      | Noticed Gastronok
  9909 | D:8      | Got a pair of jewelled boots
  9913 | D:8      | Noticed Psyche
  9917 | D:8      | Reached skill level 5 in Polearms
  9934 | D:8      | Killed Psyche
 10108 | D:8      | Found a white marble altar of Elyvilon.
 10147 | D:8      | Found a sparkling altar of Nemelex Xobeh.
 10278 | D:8      | Reached ***** piety under Sif Muna
 10395 | D:8      | Noticed Prince Ribbit
 10404 | D:8      | Killed Prince Ribbit
 10846 | D:8      | Killed Gastronok
 10846 | D:8      | Gained mutation: You are completely covered in iridescent
                  | scales. (AC +6) [demonic ancestry]
 10846 | D:8      | Reached XP level 11. HP: 53/72 MP: 2/19
 11053 | D:9      | Found a staircase to the Orcish Mines.
 11056 | D:9      | Identified Sif Muna's Catalogue of Arcane Weapons and
                  | Enchantment (Sif Muna gifted it to you on level 9 of the
                  | Dungeon)
 11056 | D:9      | Received a gift from Sif Muna
 11098 | D:9      | Got an encrusted leather armour
 11138 | D:9      | Identified the +0 leather armour of Vehumet's Delight
                  | {Rampage *Drain rN++ MP+9} (You found it on level 9 of the
                  | Dungeon)
 11321 | D:9      | Found Abuguxke's Assorted Antiques.
 11334 | D:9      | Bought a fuming purple potion for 26 gold pieces
 11334 | D:9      | Bought a fizzy inky potion for 26 gold pieces
 11334 | D:9      | Bought a scroll labeled PECOCW KAAHU for 29 gold pieces
 11334 | D:9      | Bought a bubbling silvery potion for 26 gold pieces
 11334 | D:9      | Bought a scroll labeled VYPACR BODAYNT for 29 gold pieces
 11334 | D:9      | Bought a metallic white potion for 26 gold pieces
 11334 | D:9      | Bought a scroll labeled TAPRUN HAMONE for 29 gold pieces
 11368 | D:9      | Noticed a two-headed ogre
 11395 | D:9      | Killed a two-headed ogre
 11403 | D:9      | Learned a level 6 spell: Freezing Cloud
 11551 | D:9      | Reached skill level 1 in Ice Magic
 11696 | D:9      | Found a radiant altar of Vehumet.
 11739 | D:9      | Found a bloodstained altar of Trog.
 12302 | D:10     | Entered Level 10 of the Dungeon
 12319 | D:10     | Found a staircase to the Lair.
 12981 | D:10     | Got a smoking steel amulet
 13128 | D:10     | I don't like spirit shield mutation
 13128 | D:10     | Quit the game

Illustrated notes

##.##....≈≈≈≈≈≈≈≈
##
#.#.#..≈≈≈≈.≈≈≈≈
.#
#..##......≈≈≈≈≈
.#
#.#.#......≈....
.#
#.##............
.#
#.#.#...........
.#
#..#####.......[
.#
#.#.#.#.#######.
.#
#...........@.#
.##
#...#.#######.#
..###...#... ...
........##.##
$....
...........#
.#.###
.######.#### #..#
.# #.# # ) ## #.#
.. .#


Turn 13128 on D:10: I don't like spirit shield mutation

Levels and vault maps discovered:
D:1:      dpeg_arrival_arbitrary_b, layout_rooms, hangedman_abyss_or_decor_stabs
D:2:      layout_rooms, kennysheep_potato, uniq_sigmund
D:3:      layout_loops_cross, chequers_temple_overflow_minitemple,
          grunt_qazlal_clouds, portal_sewer_entry_b
D:4:      layout_gridville, minmay_puff, uniq_ijyb
D:5:      cheibrodos_iron_armory, layout_rooms
D:6:      layout_basic, bloody_makhleb, kennysheep_little_box
D:7:      layout_rooms, temple_pool_b, gammafunk_ghost_gnarly_gnolls,
          serial_shops, nicolae_shop_window_shopping, uniq_crazy_yiuf_cottage
D:8:      layout_loops_ring, overflow_temple_1_default, marbit_many_paths,
          uniq_prince_ribbit1, uniq_gastronok, uniq_harold, uniq_psyche
D:9:      layout_roguey, trog_ov_bears_minmay, nicolae_overflow_hidden_temple,
          david_orc_3, serial_shops, nicolae_shop_window_shopping,
          chequers_jeans
D:10:     lemuel_slime, layout_loops_ring, erik_lair_island, kennysheep_boxes

Skill      XL: |  1  2  3  4  5  6  7  8  9 10 11 |
---------------+----------------------------------+-----
Spellcasting   | 3 5 |  5.7
Throwing       | 1 |  1.4
Fighting       | 1 |  1.7
Air Magic      | 4 6 |  6.6
Invocations    | 1 7 |  7.0
Dodging        | 4 9 |  9.7
Polearms       | 7 8 |  8.3
Conjurations   | 2 |  2.8
Ice Magic      | 4 |  4.9
Stealth        | |  1.7

Action                   |  1- 3 |  4- 6 |  7- 9 | 10-12 || total
-------------------------+-------+-------+-------+-------++-------
Melee: Dagger            |    57 |     3 |       |       ||    60
       Kick              |     3 |     6 |    36 |    49 ||    94
       Long sword        |       |    51 |    92 |       ||   143
       Trident           |       |       |    61 |    85 ||   146
       Spear             |       |       |       |   229 ||   229
       Quarterstaff      |       |       |       |    16 ||    16
Throw: Boomerang         |       |    13 |    11 |     8 ||    32
       Javelin           |       |     3 |       |       ||     3
 Cast: Shock             |    51 |    74 |   157 |    54 ||   336
       Static Discharge  |       |     2 |    12 |    10 ||    24
       Airstrike         |       |     2 |    13 |    45 ||    60
Evoke: Wand              |       |       |     5 |       ||     5
       Condenser vane    |       |       |     1 |     2 ||     3
  Use: Scroll            |       |     3 |     8 |     6 ||    17
       Potion            |       |       |     3 |       ||     3
 Stab: Sleeping          |     4 |     2 |     3 |     5 ||    14
       Distracted        |       |       |       |     2 ||     2
Armor: Robe              |    50 |    23 |    76 |    41 ||   190
       Leather armour    |       |       |       |    32 ||    32
Dodge: Dodged            |   104 |    77 |   221 |   219 ||   621
       Rpst.: Long sword |       |    21 |    32 |       ||    53

Table legend: (Time is in decaauts)
 A = Elapsed time spent in this place.
 B = Non-inter-level travel time spent in this place.
 C = Inter-level travel time spent in this place.
 D = Time resting spent in this place.
 E = Time spent auto-exploring this place.
 F = Levels seen in this place.
 G = Mean time per level.
                   A        B        C        D        E       F      G
               +--------+--------+--------+--------+--------+-----+--------+
         Total |  13199 |  12650 |    549 |    795 |   8434 |  11 | 1199.9 |
       Dungeon |  12661 |  12112 |    549 |    750 |   8110 |  10 | 1266.1 |
         Sewer |    537 |    537 |      0 |     45 |    324 |   1 |  537.0 |
               +--------+--------+--------+--------+--------+-----+--------+

Top non-repeatable levels by time:
     D:8: 1801 daAuts
     D:6: 1681 daAuts
     D:4: 1598 daAuts
     D:9: 1348 daAuts
     D:1: 1306 daAuts
     D:7: 1109 daAuts
     D:5: 1029 daAuts
     D:2: 1006 daAuts
     D:3: 946 daAuts
    D:10: 833 daAuts
   Sewer: 537 daAuts
